 Dungeon Crawl Stone Soup version 0.21-a0-278-ga722497 (webtiles) character file.

510 Raykoid666 the Poker (level 6, -6/48 HPs)
             Began as a Demonspawn Wanderer on Sept 21, 2017.
             Was an Initiate of Yredelemnul.
             Mangled by an orc
             ... wielding a +0 whip
              (7 damage)
             ... on level 5 of the Dungeon.
             The game lasted 00:12:16 (5851 turns).

Raykoid666 the Poker (Demonspawn Wanderer)          Turns: 5851, Time: 00:12:16

Health: -6/48      AC:  3    Str: 11    XL:     6   Next: 98%
Magic:  6/6        EV: 13    Int: 15    God:    Yredelemnul [......]
Gold:   288        SH:  0    Dex: 14    Spells: 5/5 levels left

rFire    . . .     SeeInvis +   a - +2 spear
rCold    + . .     Gourm    .   (no shield)
rNeg     . . .     Faith    +   r - +0 leather armour {rC+}
rPois    .         Spirit   .   (no helmet)
rElec    .         Reflect  .   (no cloak)
rCorr    .         Harm     .   (no gloves)
MR       .....                  (no boots)
Stlth    +.........             i - amulet of faith
HPRegen  0.16/turn              s - ring of see invisible
MPRegen  0.10/turn              (no ring)

@: about to teleport
A: hooves 1, demonic guardian 1, sturdy frame 1
a: Renounce Religion


You were on level 5 of the Dungeon.
You worshipped Yredelemnul.
Yredelemnul was noncommittal.
You were very hungry.

You visited 1 branch of the dungeon, and saw 5 of its levels.

You collected 288 gold pieces.

Inventory:

Hand Weapons
 a - a +2 spear (weapon)
Armour
 d - a +0 robe
 r - a +0 leather armour of cold resistance (worn)
Jewellery
 i - an amulet of faith (around neck)
 s - a ring of see invisible (left hand)
Wands
 w - a wand of enslavement (18/24)
Scrolls
 g - 2 scrolls of magic mapping
 k - 2 scrolls of noise
 m - 3 scrolls of remove curse {unknown}
 n - 3 scrolls of enchant weapon {unknown}
 p - a scroll of blinking {unknown}
 q - a scroll of recharging {unknown}
 x - a scroll of enchant armour {unknown}
Potions
 b - 2 potions of brilliance
 c - a potion of flight
 e - a potion of agility
 f - a potion of ambrosia
 j - 2 potions of berserk rage
 o - a potion of resistance
Comestibles
 u - 4 bread rations


   Skills:
 - Level 4.0 Fighting
   Level 1.7(3.2) Axes
 - Level 4.2(4.4) Polearms
 - Level 1.0 Throwing
 * Level 3.6 Armour
 - Level 3.3 Dodging
 - Level 1.0 Stealth
 + Level 0.3 Invocations
 + Level 1.0 Evocations


You had 5 spell levels left.
You didn't know any spells.

Dungeon Overview and Level Annotations

Branches:
Dungeon (5/15)
 Temple: D:4-7

Altars:
Elyvilon
Gozag
Nemelex Xobeh
Trog
Xom
Yredelemnul
Zin


Innate Abilities, Weirdness & Mutations

You have large cloven feet.
A weak demonic guardian rushes to your aid.
Your movements are slightly less encumbered by armour. (ER -2)


Message History

The orc hits you with a whip. The orc wizard casts a spell at you.
The puff of flame hits you!
* * * LOW HITPOINT WARNING * * *
You feel better. The orc misses you. The orc barely misses you.
The orc wizard gestures at you while chanting.
The magic dart hits you!
As you read the scroll of teleportation, it crumbles to dust.
You feel strangely unstable. The orc hits you with a whip.
* * * LOW HITPOINT WARNING * * *
The orc barely misses you.
The orc wizard hits you with a dagger of speed.
* * * LOW HITPOINT WARNING * * *
The orc hits you but does no damage.
The orc wizard points at you and mumbles some strange words.
The puff of flame hits you!
* * * LOW HITPOINT WARNING * * *
The orc hits you with a whip!
You die...
Your body rises from the dead as a mindless zombie.

#.<##.....##.....#
+..##########'####
#### . ##.....# ..
#......# ...
+......# ....
##.....# .....
#.....#
......#.o...#
......)oo@..#
......#.o...#
..... #.....# ....
#.....# ###
#######


You could see an orc wizard (invisible) and 3 orcs.

Vanquished Creatures
  The ghost of yrara the Cudgeler, an amateur GrFi (D:4)
  Terence (D:3)
  A howler monkey skeleton (D:4)
  3 adders (D:2)
  3 gnolls (D:3)
  2 worms (D:3)
  A dart slug (D:3)
  4 leopard geckos
  4 orcs
  4 ball pythons
  3 bats (D:1)
  5 giant cockroaches
  9 goblins
  7 hobgoblins
  13 jackals
  6 kobolds
  4 frilled lizards
  A leopard gecko skeleton (D:4)
  9 rats
81 creatures vanquished.

Vanquished Creatures (collateral kills)
  A scorpion (D:4)
  3 hounds (D:4)
  An orc priest (D:3)
  Ijyb (D:4)
  A gnoll (D:3)
  An adder (D:4)
  A hobgoblin (D:3)
  A jackal (D:3)
  A kobold (D:3)
11 creatures vanquished.

Grand Total: 92 creatures vanquished

Notes
Turn   | Place    | Note
-------+----------+-------------------------------------------
     0 | D:1      | Raykoid666 the Demonspawn Wanderer began the quest for the Orb.
     0 | D:1      | Raykoid666 set off with: a +2 spear, a potion of lignification, a potion of curing, a +0 robe, a bread ration
     0 | D:1      | Reached XP level 1. HP: 19/19 MP: 1/1
    81 | D:1      | Reached skill level 1 in Stealth
   468 | D:1      | Reached skill level 1 in Dodging
   475 | D:1      | Gained mutation: A weak demonic guardian rushes to your aid. [demonic ancestry]
   475 | D:1      | Reached XP level 2. HP: 23/25 MP: 2/2
  1121 | D:1      | Gained mutation: Your movements are slightly less encumbered by armour. (ER -2) [demonic ancestry]
  1121 | D:1      | Reached XP level 3. HP: 21/30 MP: 3/3
  1889 | D:2      | Found a sparkling altar of Nemelex Xobeh.
  1889 | D:2      | Found an opulent altar of Gozag.
  1985 | D:2      | Found a bloodstained altar of Trog.
  2027 | D:2      | Found a shimmering altar of Xom.
  2431 | D:2      | Gained mutation: You have large cloven feet. [demonic ancestry]
  2431 | D:2      | Reached XP level 4. HP: 27/37 MP: 4/4
  3106 | D:3      | Noticed Terence
  3120 | D:3      | Killed Terence
  3120 | D:3      | Reached skill level 1 in Armour
  3411 | D:3      | Reached XP level 5. HP: 23/42 MP: 5/5
  4003 | D:3      | Found a white marble altar of Elyvilon.
  4004 | D:3      | Found a glowing silver altar of Zin.
  4448 | D:4      | Noticed yrara's ghost (amateur GrFi)
  4458 | D:4      | HP: 2/42 [yrara's ghost (6)]
  4468 | D:4      | Killed yrara's ghost
  4468 | D:4      | Reached XP level 6. HP: 18/48 MP: 6/6
  4912 | D:4      | Found a basalt altar of Yredelemnul.
  4955 | D:4      | Became a worshipper of Yredelemnul the Dark
  5149 | D:4      | Noticed Ijyb
  5164 | D:4      | Killed Ijyb
  5803 | D:5      | Entered Level 5 of the Dungeon
  5851 | D:5      | HP: 1/48 [orc wizard/puff of flame (11)]
  5851 | D:5      | Mangled by an orc

Vault maps used:
D:1:      dpeg_arrival_solitude
D:2:      grunt_temple_overflow_opulence, tgw_xom, trog_three_pillars_becter
D:3:      gammafunk_temple_overflow_pools, first_bread, uniq_terence
D:4:      lemuel_crystal_altar, uniq_ijyb

Skill      XL: |  1  2  3  4  5  6 |
---------------+-------------------+-----
Stealth        | 1 |  1.0
Dodging        | 1 2 3 |  3.3
Polearms       | 2 3 4 |  4.2
Armour         | 1 3 |  3.6
Fighting       | |  4.0
Axes           | |  1.7
Throwing       | |  1.0
Invocations    | |  0.3
Evocations     | |  1.0

Action                   |  1- 3 |  4- 6 || total
-------------------------+-------+-------++-------
Melee: Spear             |   126 |   200 ||   326
       Kick              |       |    51 ||    51
  Use: Potion            |       |     9 ||     9
       Scroll            |       |    10 ||    10
 Stab: Sleeping          |     1 |       ||     1
  Eat: Fruit             |     1 |     5 ||     6
       Meat ration       |     1 |       ||     1
       Bread ration      |     1 |       ||     1
Armor: Robe              |    27 |     5 ||    32
       Skin              |       |    44 ||    44
       Leather armour    |       |    32 ||    32
Dodge: Dodged            |    98 |   136 ||   234

Table legend:
 A = Spawn XP
 B = Non-spawn XP
 C = Spawn XP percentage of total XP
 D = Spawn monster count
 E = Non-spawn monster count
 F = Spawn count percentage of total count
 G = Total turns spent on level
                    A         B        C        D         E        F      G
               +---------+---------+-------+---------+---------+-------+---------
         Total |       0 |     729 |   0.0 |       0 |      92 |   0.0 |  5851
               +---------+---------+-------+---------+---------+-------+---------
           D:1 |       0 |      49 |   0.0 |       0 |      28 |   0.0 |  1870
           D:2 |       0 |      57 |   0.0 |       0 |      13 |   0.0 |   700
           D:3 |       0 |     156 |   0.0 |       0 |      33 |   0.0 |  1793
           D:4 |       0 |     464 |   0.0 |       0 |      17 |   0.0 |  1440
           D:5 |       0 |       3 |   0.0 |       0 |       1 |   0.0 |    48
               +---------+---------+-------+---------+---------+-------+---------
